Map: Miner Evacuation

Players

Jodle

  • Race: Protoss Protoss
  • Spawn Location: 7:00

NamroodTuo

  • Race: Zerg Zerg

VOD

Have the link to the VOD?

Description

Time

  • Played on: April 6, 2023, 5:35 p.m.
  • Length: 26:43
Show
View Real Time Build Order
Export as new Build Order

Jodle Protoss 

Build Orders:  

Get SALT Encoding   

  12  0:09  Probe (Chrono Boost)  
  13  0:23  Probe (Chrono Boost)  
  14  0:40  Pylon  
  14  0:47  Pylon  
  14  0:51  Probe (Chrono Boost)  
  15  1:05  Probe (Chrono Boost)  
  15  1:07  Gateway  
  16  1:26  Forge  
  16  1:34  Assimilator  
  16  1:41  Assimilator  
  16  1:51  Probe (Chrono Boost)  
  17  2:05  Probe (Chrono Boost)  
  18  2:17  Cybernetics Core  
  18  2:45  Photon Cannon  
  18  2:47  Probe (Chrono Boost)  
  19  2:55  Photon Cannon  
  19  3:01  Probe (Chrono Boost)  
  19  3:07  Gateway  
  20  3:15  Probe (Chrono Boost)  
  20  3:19  Zealot  
  23  3:27  Dragoon  
  25  3:38  Probe (Chrono Boost)  
  26  3:52  Probe (Chrono Boost)  
  27  4:05  Probe (Chrono Boost)  
  28  4:19  Probe (Chrono Boost)  
  29  4:33  Probe (Chrono Boost), Gateway  
  30  4:46  Pylon  
  30  4:47  Probe (Chrono Boost), Pylon  
  30  4:49  Pylon  
  31  4:58  Pylon  
  31  5:10  Probe (Chrono Boost)  
  31  5:14  Dragoon  
  31  5:16  Dragoon  
  36  5:33  Dragoon  
  38  5:41  Dragoon  
  40  6:19  Dragoon  
  42  6:20  Dragoon  
  42  6:21  Dragoon  
  42  6:22  Dragoon  
  36  6:51  Dragoon  
  36  6:52  Dragoon  
  36  6:53  Dragoon  
  42  7:20  Pylon  
  42  7:22  Pylon x2  
  42  8:06  Pylon  
  42  8:08  Pylon  
  42  8:11  Pylon  
  42  8:15  Photon Cannon  
  42  8:19  Photon Cannon  
  42  8:24  Photon Cannon  
  42  8:37  Photon Cannon  
  42  9:12  Pylon  
  42  9:24  Photon Cannon  
  42  9:34  Photon Cannon  
  42  9:42  Dragoon  
  42  9:43  Dragoon  
  42  9:44  Dragoon  
  44  11:23  Pylon  
  27  12:47  Dragoon  
  27  12:49  Dragoon  
  31  12:50  Dragoon  
  31  12:51  Dragoon x2  
  31  12:56  Dragoon  
  31  12:57  Dragoon  
  31  12:58  Dragoon  
  31  12:59  Dragoon  
  45  13:27  Probe (Chrono Boost)  
  46  13:54  Pylon  
  46  13:58  Pylon  
  46  14:01  Pylon  
  46  14:05  Gateway x2  
  46  14:19  Gateway  
  46  14:22  Gateway  
  46  14:31  Dragoon x2  
  46  14:32  Dragoon  
  46  14:33  Dragoon  
  46  14:34  Dragoon  
  46  14:35  Dragoon  
  46  14:36  Dragoon  
  46  14:37  Dragoon  
Show
View Real Time Build Order
Export as new Build Order

NamroodTuo Zerg 

Build Orders:  

Get SALT Encoding   

  12  0:22  Infested Barracks  
  12  0:47  Infested SCV  
  12  0:49  Infested SCV x2  
  15  0:53  Overlord  
  15  1:18  Overlord  
  15  1:20  Infested SCV  
  15  1:21  Infested SCV  
  17  1:42  Infestation Level 1  
  17  1:52  Infested SCV  
  17  1:53  Infested SCV  
  19  2:28  Infested SCV  
  20  2:33  Infested Refinery  
  20  2:36  Infested SCV  
  20  2:37  Infested Refinery  
  21  2:41  Overlord  
  21  2:53  Infested Engineering Bay  
  21  3:23  Infested SCV  
  21  3:24  Infested SCV  
  23  3:48  Infested Factory  
  23  4:10  Infested SCV  
  23  4:11  Infested SCV x2  
  30  4:21  Infested Bunker  
  30  4:28  Overlord  
  30  4:32  Infested SCV  
  31  5:07  Infested Marine x5  
  31  5:08  Infested Marine x11  
  47  5:38  Overlord  
  47  5:39  Overlord x3  
  47  6:05  Infested Bunker  
  51  6:31  Infested Marine  
  51  6:32  Infested Marine x14  
  51  6:33  Infested Marine x5  
  68  6:56  Stukov Infantry Weapons Level 1  
  68  6:58  Infested Barracks Tech Lab  
  55  7:01  Infestation Level 2  
  55  7:08  Infested SCV  
  46  7:13  Infested SCV  
  46  7:16  Infested SCV  
  48  7:55  Retinal Augmentation  
  48  8:03  Infested Bunker  
  46  8:32  Infested Bunker  
  46  9:07  Anaerobic Enhancement  
  46  9:13  Infested SCV  
  47  9:21  Infested Armory  
  47  9:44  Infested Factory Tech Lab  
  47  9:46  Plagued Munitions  
  47  9:52  Stukov Infantry Armor Level 1  
  47  10:36  Overseer x3  
  47  10:37  Overseer x2  
  47  10:40  Aggressive Incubation  
  47  10:49  Saturated Cultures  
  47  10:55  Infestation Level 3  
  47  11:30  Infested Siege Tank  
  47  11:31  Infested Diamondback  
  53  12:12  Caustic Mucus  
  53  12:32  Regenerative Plating  
  53  12:58  Broodling Gestation  
  53  13:17  Infested Bunker  
  61  13:21  Infested Bunker  
  61  14:06  Infested Missile Turret, Infested Bunker  
  61  14:09  Infested Missile Turret  
  69  14:50  Infested Bunker  
  69  14:53  Infested Missile Turret  
  73  15:00  Infested Bunker  
  73  15:05  Overlord  
  73  15:54  Overlord x4  
  73  15:55  Overlord  
  81  16:12  Infested Bunker  
  81  16:14  Infested Bunker  
  81  16:15  Infested Bunker  
  85  16:38  Infested Bunker  
  89  17:03  Infested Marine x4  
  89  17:04  Infested Marine x16  
  109  17:17  Overlord x3  
  109  17:18  Overlord x2  
  109  17:25  Stukov Infantry Armor Level 2  
  109  17:28  Stukov Vehicle and Ship Armor Level 1  
  109  17:31  Infested Diamondback x2  
  115  17:48  Infested Factory  
  115  18:08  Infested Bunker  
  119  18:19  Unknown  
  123  18:25  Infested Bunker  
  123  18:32  Infested Bunker  
  107  19:18  Infested Bunker  
  115  19:20  Infested Bunker  
  119  20:01  Infested Bunker  
  119  20:08  Stukov Vehicle and Ship Weapons Level 1  
  119  20:29  Infested Missile Turret  
  119  20:35  Calcified Armor  
  119  20:57  Infested Missile Turret  
  119  21:01  Overlord x4  
  119  21:02  Overlord  
  119  21:35  Stukov Infantry Weapons Level 2  
  123  21:46  Infested Bunker  
  123  21:57  Infested Command Center  
  123  22:15  Infested Diamondback x4  
  123  22:16  Infested Diamondback x5  
  123  22:17  Infested Diamondback  
  123  22:19  Automated Mitosis  
  153  22:48  Stukov Vehicle and Ship Armor Level 2  
  153  23:19  Acidic Enzymes  
  153  23:44  Infested SCV x2  
  153  23:45  Infested SCV  
  156  23:52  Infested Refinery  
  156  23:53  Infested SCV  
  157  24:22  Infested Diamondback  
  157  24:23  Infested Diamondback x9  
  187  24:45  Infested SCV x2  
  187  24:46  Infested SCV  
  190  24:59  Infested Bunker  
  198  25:00  Infested SCV  
  198  25:03  Infested Bunker  
Tags
 
Commander
ArtanisStukov
Matchup
Co-op
Replay Pack
Multiplayer
Add a new tag
Caveats
  • Supply blocks, unpowered buildings, or Contaminate may cause inaccurate times.
  • Supply counts are checked every 10 seconds.